 Dungeon Crawl Stone Soup version 0.21.1-1-g345015fe64 (webtiles) character file.

3159 Loge the Cleaver (level 9, -27/121 HPs)
             Began as a Minotaur Berserker on July 19, 2018.
             Was an Elder of Trog.
             Annihilated by an orc warlord
             ... wielding a +0 war axe of electrocution
              (42 damage)
             ... in a bailey.
             The game lasted 00:13:54 (6521 turns).

Loge the Cleaver (Minotaur Berserker)               Turns: 6521, Time: 00:13:55

Health: -27/121    AC: 12    Str: 28    XL:     9   Next: 62%
Magic:  8/8        EV:  9    Int:  4    God:    Trog [****..]
Gold:   422        SH: 11    Dex: 12    Spells: 8/8 levels left

rFire    . . .     SeeInvis .   u - +0 war axe
rCold    + . .     Gourm    .   z - +1 shield
rNeg     . . .     Faith    .   C - +0 chain mail
rPois    .         Spirit   .   (helmet restricted)
rElec    .         Reflect  .   M - +0 cloak
rCorr    .         Harm     .   (no gloves)
MR       .....                  (no boots)
Stlth    ..........             (no amulet)
HPRegen  0.30/turn              e - ring of protection from cold
MPRegen  0.11/turn              (no ring)

@: berserking (expiring), very quick
A: retaliatory headbutt, horns 2
a: Berserk, Trog's Hand, Brothers in Arms, Burn Spellbooks, Renounce Religion


You were in a bailey.
You worshipped Trog.
Trog was greatly pleased with you.
You were near starving.

You visited 1 branch of the dungeon, and saw 7 of its levels.
You also visited: Bailey.

You collected 422 gold pieces.

Inventory:

Hand Weapons
 u - a +0 war axe (weapon)
Missiles
 d - 93 stones (quivered)
 m - 8 tomahawks
 w - a throwing net
 L - a tomahawk of returning
Armour
 z - a +1 shield (worn)
 C - a +0 chain mail (worn)
 M - a +0 cloak (worn)
Jewellery
 e - a ring of protection from cold (left hand)
 x - an uncursed ring of see invisible
 D - an uncursed ring of protection from cold
Wands
 s - a wand of iceblast (8)
 A - a wand of digging (13)
 G - a wand of flame (27)
Scrolls
 b - a scroll of amnesia {unknown}
 i - a scroll of noise {unknown}
 j - 2 scrolls of identify
 l - 2 scrolls of remove curse
 n - 2 scrolls of enchant armour
 o - 2 scrolls of random uselessness {unknown}
 q - 2 scrolls of teleportation {unknown}
 r - 2 scrolls of immolation {unknown}
 v - 2 scrolls of enchant weapon {unknown}
 y - a scroll of magic mapping {unknown}
 E - 2 scrolls of blinking {unknown}
Potions
 a - a potion of might {unknown}
 f - a potion of degeneration {unknown}
 g - 2 potions of heal wounds
 h - 2 potions of haste {unknown}
 k - 3 potions of curing
 p - a potion of resistance {unknown}
 t - a potion of flight {unknown}
 B - a potion of berserk rage {unknown}
 I - a potion of cancellation {unknown}
 J - 2 potions of agility {unknown}
 K - 3 potions of ambrosia {unknown}
Books
 F - a book of Frost

   Spells                             Type                      Level
   a - Freeze                         Ice                          1
   b - Throw Frost                    Conjuration/Ice              2
   c - Ozocubu's Armour               Charms/Ice                   3
   d - Throw Icicle                   Conjuration/Ice              4
   e - Summon Ice Beast               Ice/Summoning                4
   Trog disapproves of the use of such an item.
Comestibles
 c - 10 rations


   Skills:
 + Level 8.2 Fighting
 * Level 10.7 Axes
 + Level 7.6 Armour
 - Level 5.7 Dodging
 + Level 3.9 Shields


You had 8 spell levels left.
You didn't know any spells.

Dungeon Overview and Level Annotations

Branches:
Dungeon (7/15)             Temple (0/1) D:7

Altars:
Ashenzari
Cheibriados
Dithmenos
Gozag
Nemelex Xobeh
Trog
Yredelemnul


Innate Abilities, Weirdness & Mutations

You reflexively headbutt those who attack you in melee.
You have a pair of horns on your head.


Message History

Your shield and chain mail prevent you from hitting the hobgoblin.
Your two-headed ogre hits the hobgoblin with a giant spiked club!!!
The hobgoblin dies!
Trog accepts your kill.
You hit the orc warlord.
The orc warlord is lightly wounded.
You block the orc warlord's attack.
The orc warlord hits your two-headed ogre with a war axe of electrocution!!
Lightning courses through your two-headed ogre!
You closely miss the orc warlord. Your headbutt misses the orc warlord.
The orc warlord blocks your two-headed ogre's attack. x2
The goblin hits your two-headed ogre with a hand axe.
The orc knight hits your two-headed ogre with a broad axe!!!
Your two-headed ogre dies!
Your two-headed ogre's corpse disappears in a puff of smoke!
You slice the orc warlord!!
You headbutt the orc warlord, but do no damage.
The orc warlord is moderately wounded.
The orc warlord hits you with a war axe of electrocution!!!
You die...

#.......##
.........#
.........##
....⌠.....#######
.........##.....##
........)).......#
#.....g.##go.....##
#...g...#.o§......#
##88.88##..@))....##
###o###...).⌠.....#


#gg ##.........## ..g #.........# ... ##.......## #.......# ##...))## ####)##
##..)))## You could see an orc warlord, an orc knight and a goblin.

Vanquished Creatures
  An orc knight (Bailey)
  A hippogriff (D:7)
  Menkaure (D:5)
  5 orc warriors (Bailey)
  A sky beast (D:6)
  2 necrophages
  An ice beast (D:6)
  2 phantoms
  An ogre (D:5)
  3 centaurs (D:6)
  2 scorpions
  A howler monkey (D:6)
  2 crimson imps (D:6)
  An orc priest (D:5)
  A jelly (D:4)
  2 hounds (D:5)
  3 bullfrog skeletons
  2 worker ants
  2 worker ant zombies (D:5)
  9 gnolls
  5 adders
  3 shadow imps
  8 worms
  3 dart slugs
  2 leopard geckos
  26 orcs
  4 bats
  3 giant cockroaches
  24 goblins
  16 hobgoblins
  11 jackals
  5 kobolds
  6 quokkas
  5 frilled lizards
  5 rats
  A spectral orc (D:6)
170 creatures vanquished.

Vanquished Creatures (collateral kills)
  An orc knight (Bailey)
  An orc warrior (Bailey)
  2 hobgoblins (Bailey)
4 creatures vanquished.

Grand Total: 174 creatures vanquished

Notes
Turn   | Place    | Note
-------+----------+-------------------------------------------
     0 | D:1      | Loge the Minotaur Berserker began the quest for the Orb.
     0 | D:1      | Reached XP level 1. HP: 19/19 MP: 0/0
   323 | D:1      | Reached XP level 2. HP: 22/27 MP: 1/1
   339 | D:1      | Reached skill level 4 in Axes
  1124 | D:2      | Reached XP level 3. HP: 33/33 MP: 2/2
  1875 | D:2      | Reached XP level 4. HP: 30/40 MP: 3/3
  2084 | D:3      | Reached ** piety under Trog
  2265 | D:3      | Reached skill level 5 in Axes
  2265 | D:3      | Reached XP level 5. HP: 30/47 MP: 4/4
  2889 | D:4      | Noticed a phantom
  3061 | D:4      | Killed a phantom
  3193 | D:4      | Found a shadowy altar of Dithmenos.
  3390 | D:4      | Reached XP level 6. HP: 40/55 MP: 5/5
  3393 | D:4      | Reached skill level 5 in Fighting
  3710 | D:5      | Entered Level 5 of the Dungeon
  3768 | D:5      | Reached skill level 6 in Axes
  3922 | D:5      | Reached XP level 7. HP: 46/60 MP: 6/6
  4050 | D:5      | Found an opulent altar of Gozag.
  4050 | D:5      | Found a sparkling altar of Nemelex Xobeh.
  4406 | D:5      | Noticed Menkaure
  4419 | D:5      | Killed Menkaure
  4419 | D:5      | Reached skill level 7 in Axes
  4421 | D:5      | Reached skill level 5 in Armour
  4481 | D:5      | Found a snail-covered altar of Cheibriados.
  4846 | D:6      | Found a basalt altar of Yredelemnul.
  4876 | D:6      | Reached *** piety under Trog
  4877 | D:6      | Reached skill level 8 in Axes
  4877 | D:6      | Reached skill level 5 in Dodging
  4877 | D:6      | Reached XP level 8. HP: 54/69 MP: 7/7
  5212 | D:6      | Found a shattered altar of Ashenzari.
  5216 | D:6      | Found a bloodstained altar of Trog.
  5217 | D:6      | Found a shadowy altar of Dithmenos.
  5316 | D:6      | Reached skill level 9 in Axes
  5707 | D:7      | Found a staircase to the Ecumenical Temple.
  5707 | D:7      | Noticed a hippogriff
  5716 | D:7      | Killed a hippogriff
  5716 | D:7      | Reached skill level 1 in Shields
  5754 | D:7      | Found a flagged portal.
  5785 | Bailey   | Entered a bailey
  5964 | Bailey   | Reached **** piety under Trog
  6002 | Bailey   | Reached XP level 9. HP: 56/78 MP: 8/8
  6250 | Bailey   | Noticed an orc knight
  6275 | Bailey   | Killed an orc knight
  6275 | Bailey   | Reached skill level 10 in Axes
  6485 | Bailey   | Noticed an orc knight
  6486 | Bailey   | Noticed an orc warlord
  6509 | Bailey   | Killed an orc knight
  6512 | Bailey   | Noticed an orc knight
  6521 | Bailey   | Annihilated by an orc warlord

Skill      XL: |  1  2  3  4  5  6  7  8  9 |
---------------+----------------------------+-----
Axes           | 4 5 6 8 9 10 | 10.7
Fighting       | 4 5 6 7 8 |  8.2
Armour         | 3 4 5 6 7 |  7.6
Dodging        | 3 4 5 |  5.7
Shields        | 1 3 |  3.9

Action                   |  1- 3 |  4- 6 |  7- 9 || total
-------------------------+-------+-------+-------++-------
Melee: Hand axe          |    98 |    29 |       ||   127
       Headbutt          |    14 |    14 |    53 ||    81
       War axe           |       |    80 |   215 ||   295
Invok: Berserk           |     3 |     3 |     6 ||    12
       Brothers in Arms  |       |       |     1 ||     1
  Use: Scroll            |       |       |     4 ||     4
       Potion            |       |       |     1 ||     1
  Eat: Chunk             |     5 |    10 |    13 ||    28
Armor: Animal skin       |     5 |       |       ||     5
       Leather armour    |    11 |     9 |       ||    20
       Chain mail        |       |     2 |    66 ||    68
       Ring mail         |       |     2 |       ||     2
Dodge: Dodged            |    52 |    58 |    89 ||   199
Block: Shield            |       |       |    44 ||    44
